 Dungeon Crawl Stone Soup version 0.21-a0-394-gdc75ea7 (webtiles) character file.

28423 MirrMurr the Thaumaturge (level 13, -2/101 HPs)
             Began as a Gnoll Skald on Oct 15, 2017.
             Was a High Priest of Okawaru.
             Slain by a cyan ugly thing (15 damage)
             ... on level 12 of the Dungeon on Oct 21, 2017.
             The game lasted 00:53:14 (14254 turns).

MirrMurr the Thaumaturge (Gnoll Skald)             Turns: 14254, Time: 00:53:16

Health: -2/101     AC: 13    Str: 14    XL:     13   Next: 38%
Magic:  24/26      EV: 16    Int: 20    God:    Okawaru [*****.]
Gold:   909        SH:  0    Dex: 15    Spells: 11/31 levels left

rFire    . . .     SeeInvis .   a - +0 scimitar (elec)
rCold    . . .     Gourm    .   (no shield)
rNeg     . . .     Faith    .   J - +1 ring mail {rPois}
rPois    +         Spirit   .   C - +0 helmet
rElec    .         Reflect  .   (no cloak)
rCorr    .         Harm     .   v - +1 pair of gloves
MR       .....                  c - +0 pair of boots
Stlth    +++.......             Q - amulet of magic regeneration
HPRegen  0.26/turn              (no ring)
MPRegen  0.45/turn              (no ring)

@: no status effects
A: distributed training, fangs 1, strong nose
a: Heroism, Finesse, Renounce Religion


You were on level 12 of the Dungeon.
You worshipped Okawaru.
Okawaru was extremely pleased with you.
You were not hungry.

You visited 2 branches of the dungeon, and saw 13 of its levels.
You also visited: Ossuary and Bailey.

You collected 909 gold pieces.

Inventory:

Hand Weapons
 a - a +0 scimitar of electrocution (weapon)
 b - a +0 shortbow
 w - a +3 spear of venom
 O - a +5 great sword
Missiles
 d - a throwing net {!f}
 f - 74 bolts
 g - 9 javelins (quivered)
 y - 59 poisoned needles
 z - 279 arrows
Armour
 c - a +0 pair of boots (worn)
 v - a +1 pair of gloves (worn)
 C - a +0 helmet (worn)
 H - a +0 shield
 J - a +1 ring mail of poison resistance (worn)
Jewellery
 l - an uncursed amulet of the gourmand {unknown}
 Q - an amulet of magic regeneration (around neck)
 U - an uncursed ring of fire {unknown}
Wands
 j - a wand of disintegration (18/24)
 t - a wand of acid (5/15)
 x - a wand of clouds (6/9)
 E - a wand of polymorph (8/24)
 G - a wand of acid (12/15)
 R - a wand of enslavement (12/24)
 S - a wand of iceblast (7/15)
 T - a wand of paralysis (8/24)
Scrolls
 e - a scroll of magic mapping
 h - 2 scrolls of fear
 o - 5 scrolls of teleportation
 r - 9 scrolls of remove curse
 u - a scroll of fog
 F - a scroll of recharging
 M - a scroll of noise {unknown}
 X - a scroll of acquirement {unknown}
 Y - a scroll of brand weapon {unknown}
 Z - a scroll of blinking
Potions
 i - a potion of resistance
 k - 4 potions of curing
 m - 3 potions of haste
 n - 2 potions of mutation
 p - 2 potions of berserk rage {unknown}
 A - 4 potions of lignification
 D - 2 potions of degeneration {unknown}
 N - a potion of cancellation {unknown}
 V - 2 potions of brilliance {unknown}
Books
 L - a book of Callings

   Spells                             Type                      Level
   a - Summon Small Mammal            Summoning                    1
   b - Call Imp                       Summoning                    2
   c - Call Canine Familiar           Summoning                    3
   d - Summon Guardian Golem          Hexes/Summoning              3
   e - Summon Lightning Spire         Summoning/Air                4
   f - Summon Ice Beast               Ice/Summoning                4
Miscellaneous
 P - a fan of gales
Comestibles
 s - 7 chunks of flesh
 B - 8 meat rations
 I - 9 bread rations
 K - 9 royal jellies
 W - 3 fruits


   Skills:
 + Level 9.3 Fighting
 + Level 8.0 Short Blades
 + Level 8.0 Long Blades
 + Level 8.0 Axes
 + Level 8.0 Maces & Flails
 + Level 9.3 Polearms
 + Level 8.0 Staves
 + Level 8.0 Slings
 + Level 8.0 Bows
 + Level 8.0 Crossbows
 + Level 8.0 Throwing
 + Level 8.5 Armour
 + Level 9.3 Dodging
 + Level 8.0 Stealth
 + Level 8.0 Shields
 + Level 8.0 Unarmed Combat
 + Level 9.5 Spellcasting
 + Level 6.7 Conjurations
 + Level 6.7 Hexes
 + Level 8.7 Charms
 + Level 6.7 Summonings
 + Level 6.7 Necromancy
 + Level 6.7 Translocations
 + Level 6.7 Transmutations
 + Level 6.7 Fire Magic
 + Level 6.7 Ice Magic
 + Level 6.7 Air Magic
 + Level 6.7 Earth Magic
 + Level 6.7 Poison Magic
 + Level 8.8 Invocations
 + Level 8.0 Evocations


You had 11 spell levels left.
You knew the following spells:

 Your Spells              Type           Power        Failure   Level  Hunger
a - Spectral Weapon       Hex/Chrm       #####...     1%          3    None
c - Song of Slaying       Chrm           #####...     1%          2    None
d - Summon Lightning Spi  Summ/Air       #####...     9%          4    ##.....
e - Summon Ice Beast      Ice/Summ       #####...     9%          4    ##.....
f - Summon Guardian Gole  Hex/Summ       #####...     2%          3    None
r - Regeneration          Chrm/Necr      #####.....   1%          3    None
Z - Infusion              Chrm           ####         1%          1    None


Dungeon Overview and Level Annotations

Branches:
Dungeon (12/15)            Temple (1/1) D:4            Lair (0/6) D:10
    Orc (0/2) D:9

Altars:
Ashenzari
Dithmenos
Elyvilon
Fedhas
Gozag
Hepliaklqana
Kikubaaqudgha
Makhleb
Nemelex Xobeh
Okawaru
Qazlal
Ru
Sif Muna
Uskayaw
Vehumet
Wu Jian
Xom
Yredelemnul
Zin

Shops:
D:12 [


Innate Abilities, Weirdness & Mutations

Your experience applies equally to all skills.
You have very sharp teeth.
Your uncanny sense of smell can sniff out nearby items.


Message History

The cyan ugly thing tail-slaps you but does no damage.
You slash the cyan ugly thing!
The cyan ugly thing is moderately wounded.
The cyan ugly thing tail-slaps you! The cyan ugly thing shocks you!
The cyan ugly thing misses your spectral weapon.
Unknown command.
The cyan ugly thing closely misses your spectral weapon.
Your spectral weapon fades away.
Casting: Spectral Weapon
Confirm with . or Enter, or press ? or * to list all spells.
You draw out your weapon's spirit!
The cyan ugly thing tail-slaps you! The cyan ugly thing shocks you!
* * * LOW HITPOINT WARNING * * *
You closely miss the cyan ugly thing.
The cyan ugly thing is moderately wounded.
Your spectral weapon completely misses the cyan ugly thing.
The cyan ugly thing tail-slaps you.
* * * LOW HITPOINT WARNING * * *
The cyan ugly thing shocks you!
You die...

#.##..#.#..##.#..##...
##....##.##....##......
..##....##...##....
#.....
...................
.....
..##....##...##....
..... ##....##.##....#
.... #.##..#.#..# .#. ∆
....##....(# ....
#.##..#@....#..# ...
#.(u(.....# ..#
#.##...##.# #. ...
##.## .. #.# #.# .# ...
... ##. ..... # .......
.../..##.


You could see a cyan ugly thing and a friendly spectral scimitar of
electrocution.

Vanquished Creatures
  The ghost of Dominolapin the Charlatan, a novice HuAr of Wu Jian (D:5)
  2 unseen horrors
  An orc knight (Bailey)
  Pikel (D:6)
  2 ugly things (D:11)
  2 centaur zombies
  5 gargoyles
  2 centaur skeletons
  A komodo dragon (D:10)
  2 trolls
  A polar bear (D:10)
  2 hornets (D:8)
  4 hippogriffs
  3 wyverns (D:10)
  7 yaks
  A vampire (D:12)
  2 steam dragons
  Edmund (D:6)
  2 soldier ants (D:8)
  Duvessa (D:6)
  8 orc warriors
  A swamp drake (D:10)
  3 ice beasts
  3 sky beasts
  4 slaves (D:6)
  8 ogres
  3 necrophages
  2 phantoms
  4 centaurs
  A wolf (D:12)
  6 bullfrogs
  Dowan (D:6)
  5 scorpions
  8 wights
  2 electric eels (D:10)
  6 howler monkeys
  3 crimson imps
  4 hounds
  A bullfrog skeleton (D:11)
  4 bullfrog zombies
  A jelly (D:7)
  An orc wizard (D:6)
  3 iguanas
  5 worker ants
  A big kobold zombie (Ossuary)
  2 centaur simulacra (D:10)
  8 mummies (Ossuary)
  A hound skeleton (D:7)
  A killer bee simulacrum (D:10)
  A worker ant zombie (D:7)
  A howler monkey zombie (D:10)
  6 adders
  24 gnolls
  A shadow imp (D:8)
  A white imp (D:10)
  A worker ant simulacrum (D:10)
  4 worms
  6 dart slugs
  4 leopard geckos
  25 orcs
  5 bats
  6 giant cockroaches
  A gnoll zombie (Ossuary)
  12 goblins
  5 hobgoblins
  11 jackals
  22 kobolds
  A quokka (D:3)
  4 ball pythons
  4 frilled lizards
  2 hobgoblin zombies (Ossuary)
  4 kobold zombies (Ossuary)
  A leopard gecko skeleton (D:5)
  12 rats
307 creatures vanquished.

Vanquished Creatures (collateral kills)
  A hydra (D:12)
  A troll (D:12)
  A hound (D:10)
3 creatures vanquished.

Vanquished Creatures (others)
  An orc wizard (D:11)
  8 spectral weapons
9 creatures vanquished.

Grand Total: 319 creatures vanquished

Notes
Turn   | Place    | Note
-------+----------+-------------------------------------------
     0 | D:1      | MirrMurr the Gnoll Skald began the quest for the Orb.
     0 | D:1      | Reached XP level 1. HP: 20/20 MP: 6/6
   132 | D:1      | Reached XP level 2. HP: 24/26 MP: 7/7
   136 | D:1      | Learned a level 2 spell: Song of Slaying
   404 | D:1      | Reached XP level 3. HP: 31/31 MP: 9/9
   409 | D:1      | Learned a level 3 spell: Spectral Weapon
   413 | D:1      | Learned a level 3 spell: Regeneration
   480 | D:1      | Reached skill level 5 in Spellcasting
   738 | D:1      | Reached skill level 1 in Invocations
  1059 | D:2      | Reached skill level 1 in Short Blades
  1059 | D:2      | Reached skill level 1 in Long Blades
  1059 | D:2      | Reached skill level 1 in Axes
  1059 | D:2      | Reached skill level 1 in Maces & Flails
  1059 | D:2      | Reached skill level 1 in Staves
  1059 | D:2      | Reached skill level 1 in Slings
  1059 | D:2      | Reached skill level 1 in Bows
  1059 | D:2      | Reached skill level 1 in Crossbows
  1059 | D:2      | Reached skill level 1 in Throwing
  1059 | D:2      | Reached skill level 1 in Stealth
  1059 | D:2      | Reached skill level 1 in Shields
  1059 | D:2      | Reached skill level 1 in Unarmed Combat
  1059 | D:2      | Reached skill level 1 in Evocations
  1059 | D:2      | Reached XP level 4. HP: 38/38 MP: 2/11
  1070 | D:2      | Reached skill level 1 in Conjurations
  1070 | D:2      | Reached skill level 1 in Hexes
  1070 | D:2      | Reached skill level 1 in Summonings
  1070 | D:2      | Reached skill level 1 in Necromancy
  1070 | D:2      | Reached skill level 1 in Translocations
  1070 | D:2      | Reached skill level 1 in Transmutations
  1070 | D:2      | Reached skill level 1 in Fire Magic
  1070 | D:2      | Reached skill level 1 in Ice Magic
  1070 | D:2      | Reached skill level 1 in Air Magic
  1070 | D:2      | Reached skill level 1 in Earth Magic
  1070 | D:2      | Reached skill level 1 in Poison Magic
  1556 | D:2      | Found a white marble altar of Elyvilon.
  1564 | D:2      | Reached XP level 5. HP: 41/43 MP: 5/12
  2208 | D:3      | Found a sparkling altar of Nemelex Xobeh.
  2217 | D:3      | Found a shimmering altar of Xom.
  2220 | D:3      | Found a shimmering altar of Xom.
  2221 | D:3      | Found an ancient bone altar of Kikubaaqudgha.
  2226 | D:3      | Found a shimmering altar of Xom.
  2227 | D:3      | Found a shimmering altar of Xom.
  2228 | D:3      | Found a shimmering altar of Xom.
  2228 | D:3      | Found a shimmering altar of Xom.
  2228 | D:3      | Found a shimmering altar of Xom.
  2228 | D:3      | Found a shimmering altar of Xom.
  2228 | D:3      | Found a shimmering altar of Xom.
  2229 | D:3      | Found a shimmering altar of Xom.
  2229 | D:3      | Found a shimmering altar of Xom.
  2229 | D:3      | Found a shimmering altar of Xom.
  3023 | D:4      | Found a staircase to the Ecumenical Temple.
  3033 | Temple   | Entered the Ecumenical Temple
  3156 | Temple   | Became a worshipper of Warmaster Okawaru
  3274 | D:4      | Noticed an ogre
  3284 | D:4      | Killed an ogre
  3284 | D:4      | Reached XP level 6. HP: 40/50 MP: 3/14
  3294 | D:4      | Reached skill level 5 in Fighting
  3294 | D:4      | Reached skill level 5 in Polearms
  3294 | D:4      | Reached skill level 5 in Dodging
  3734 | D:5      | Entered Level 5 of the Dungeon
  3748 | D:5      | Noticed Dominolapin's ghost (novice HuAr)
  3788 | D:5      | Killed Dominolapin's ghost
  3788 | D:5      | Reached * piety under Okawaru
  3788 | D:5      | Reached ** piety under Okawaru
  3788 | D:5      | Reached XP level 7. HP: 16/56 MP: 2/15
  3788 | D:5      | Reached XP level 8. HP: 18/63 MP: 2/16
  4381 | D:5      | Reached *** piety under Okawaru
  4822 | D:6      | Upgraded the game from 0.21-a0-369-g397cdb2 to 0.21-a0-372-gd0ff781
  4832 | D:6      | Noticed Duvessa
  4832 | D:6      | Noticed Dowan
  4844 | D:6      | Killed Duvessa
  4852 | D:6      | Killed Dowan
  5086 | D:6      | Noticed Edmund
  5245 | D:6      | Found a sacrificial altar of Ru.
  5530 | D:6      | Killed Edmund
  5530 | D:6      | Reached XP level 9. HP: 52/69 MP: 6/18
  5656 | D:6      | Reached **** piety under Okawaru
  5825 | D:6      | Found a hazy altar of Hepliaklqana.
  6271 | D:6      | Found a radiant altar of Vehumet.
  6299 | D:6      | Found a stormy altar of Qazlal.
  6599 | D:6      | Noticed Pikel
  6608 | D:6      | Killed Pikel
  6608 | D:6      | Reached skill level 5 in Armour
  6721 | D:7      | Received a gift from Okawaru
  6766 | D:7      | Upgraded the game from 0.21-a0-372-gd0ff781 to 0.21-a0-380-gd65dc97
  7087 | D:7      | Reached skill level 5 in Invocations
  7101 | D:7      | Found an ornate altar of the Wu Jian Council.
  7340 | D:7      | Noticed a gargoyle
  7363 | D:7      | HP: 2/71 [gargoyle/stone arrow (14)]
  7368 | D:7      | Killed a gargoyle
  7368 | D:7      | Received a gift from Okawaru
  7368 | D:7      | Reached XP level 10. HP: 13/77 MP: 9/20
  7628 | D:7      | Noticed a gargoyle
  7639 | D:7      | Killed a gargoyle
  7887 | D:7      | Noticed a gargoyle
  7907 | D:7      | Killed a gargoyle
  7920 | D:7      | Noticed a gargoyle
  7930 | D:7      | Killed a gargoyle
  7930 | D:7      | Reached skill level 5 in Short Blades
  7930 | D:7      | Reached skill level 5 in Long Blades
  7930 | D:7      | Reached skill level 5 in Axes
  7930 | D:7      | Reached skill level 5 in Maces & Flails
  7930 | D:7      | Reached skill level 5 in Staves
  7930 | D:7      | Reached skill level 5 in Slings
  7930 | D:7      | Reached skill level 5 in Bows
  7930 | D:7      | Reached skill level 5 in Crossbows
  7930 | D:7      | Reached skill level 5 in Throwing
  7930 | D:7      | Reached skill level 5 in Stealth
  7930 | D:7      | Reached skill level 5 in Shields
  7930 | D:7      | Reached skill level 5 in Unarmed Combat
  7930 | D:7      | Reached skill level 5 in Evocations
  8200 | D:7      | Learned a level 4 spell: Summon Lightning Spire
  8205 | D:7      | Learned a level 4 spell: Summon Ice Beast
  8262 | D:8      | Found a basalt altar of Yredelemnul.
  8321 | D:8      | Found a sand-covered staircase.
  8346 | Ossuary  | Entered an ossuary
  8656 | Ossuary  | Reached skill level 5 in Conjurations
  8656 | Ossuary  | Reached skill level 5 in Hexes
  8656 | Ossuary  | Reached skill level 5 in Summonings
  8656 | Ossuary  | Reached skill level 5 in Necromancy
  8656 | Ossuary  | Reached skill level 5 in Translocations
  8656 | Ossuary  | Reached skill level 5 in Transmutations
  8656 | Ossuary  | Reached skill level 5 in Fire Magic
  8656 | Ossuary  | Reached skill level 5 in Ice Magic
  8656 | Ossuary  | Reached skill level 5 in Air Magic
  8656 | Ossuary  | Reached skill level 5 in Earth Magic
  8656 | Ossuary  | Reached skill level 5 in Poison Magic
  8656 | Ossuary  | Reached XP level 11. HP: 86/86 MP: 20/23
  8657 | Ossuary  | Reached XP level 12. HP: 94/94 MP: 20/24
  8752 | D:8      | Found a shadowy altar of Dithmenos.
  8963 | D:8      | Found a blossoming altar of Fedhas.
  9995 | D:9      | Found a deep blue altar of Sif Muna.
 10180 | D:9      | Found a staircase to the Orcish Mines.
 10596 | D:10     | Entered Level 10 of the Dungeon
 10824 | D:10     | Received a gift from Okawaru
 10966 | D:10     | Found a staircase to the Lair.
 11274 | D:10     | Reached ***** piety under Okawaru
 12020 | D:10     | Received a gift from Okawaru
 12361 | D:11     | Reached XP level 13. HP: 81/101 MP: 19/26
 12485 | D:11     | Found a flagged portal.
 12512 | Bailey   | Entered a bailey
 12685 | Bailey   | Received a gift from Okawaru
 12739 | Bailey   | HP: 1/101 [orc warrior/war axe (12)]
 13305 | D:11     | Upgraded the game from 0.21-a0-380-gd65dc97 to 0.21-a0-394-gdc75ea7
 13823 | D:11     | Learned a level 3 spell: Summon Guardian Golem
 14090 | D:12     | Found Naipnaps's Armour Shop.
 14215 | D:12     | Received a gift from Okawaru
 14254 | D:12     | Slain by a cyan ugly thing

Vault maps used:
D:1:      eino_arrival_cavern_d, minivault_19
D:2:      lemuel_round_altar, first_bread, kennysheep_generic_room_14
D:3:      nemelex_xobeh_ov_fountains_minmay, xom_redecorated,
          nicolae_overflow_crystal_walls, serial_glass, glass_columns_a,
          glass_columns_a, cheibrodos_sewer_entry_bend,
          minmay_misc_feat_secret_circle
D:4:      minmay_temple_entry_trees
D:6:      nicolae_ru_great_annihilating_truth, kennysheep_mini,
          amethyst_overflow_temple_binary, uniq_duvessa, uniq_pikel, uniq_edmund
D:7:      cheibrodos_statue_roulette, lemuel_round_altar
D:8:      nicolae_overflow_hidden_temple, fedhas_altar_3,
          nicolae_ossuary_entry_false_entrances, hangedman_pestilent_swarm,
          roderic_lattice_a, grunt_dithmenos_smoke
D:9:      old_standard_altar, david_orc_2
D:10:     erik_lair_dragon, serial_ice, serial_ice_j, serial_ice_g,
          serial_ice_o, serial_ice_e, minmay_misc_feat_iff
D:11:     lightli_bailey_entry_fortress, nicolae_twisting_strands
D:12:     serial_shops, shop, shop, shop, nicolae_shop_window_shopping, shop,
          nicolae_wwwww, grunt_qazlal_sundering
Temple:   dpeg_chambers_temple
Ossuary:  ossuary_tomb_3
Bailey:   bailey_axe_1, bailey

Skill      XL: |  1  2  3  4  5  6  7  8  9 10 11 12 13 |
---------------+----------------------------------------+-----
Spellcasting   | 5 6 8 9 |  9.5
Invocations    | 1 2 3 4 5 6 7 8 |  8.8
Short Blades   | 1 2 3 4 6 7 8 |  8.0
Long Blades    | 1 2 3 4 6 7 8 |  8.0
Axes           | 1 2 3 4 6 7 8 |  8.0
Maces & Flails | 1 2 3 4 6 7 8 |  8.0
Staves         | 1 2 3 4 6 7 8 |  8.0
Slings         | 1 2 3 4 6 7 8 |  8.0
Bows           | 1 2 3 4 6 7 8 |  8.0
Crossbows      | 1 2 3 4 6 7 8 |  8.0
Throwing       | 1 2 3 4 6 7 8 |  8.0
Stealth        | 1 2 3 4 6 7 8 |  8.0
Shields        | 1 2 3 4 6 7 8 |  8.0
Unarmed Combat | 1 2 3 4 6 7 8 |  8.0
Evocations     | 1 2 3 4 6 7 8 |  8.0
Conjurations   | 1 2 3 5 6 |  6.7
Hexes          | 1 2 3 5 6 |  6.7
Summonings     | 1 2 3 5 6 |  6.7
Necromancy     | 1 2 3 5 6 |  6.7
Translocations | 1 2 3 5 6 |  6.7
Transmutations | 1 2 3 5 6 |  6.7
Fire Magic     | 1 2 3 5 6 |  6.7
Ice Magic      | 1 2 3 5 6 |  6.7
Air Magic      | 1 2 3 5 6 |  6.7
Earth Magic    | 1 2 3 5 6 |  6.7
Poison Magic   | 1 2 3 5 6 |  6.7
Armour         | 3 4 5 6 7 8 |  8.5
Fighting       | 5 6 7 8 9 |  9.3
Polearms       | 5 6 7 8 9 |  9.3
Dodging        | 5 6 7 8 9 |  9.3
Charms         | 6 7 8 |  8.7

Action                   |  1- 3 |  4- 6 |  7- 9 | 10-12 | 13-15 || total
-------------------------+-------+-------+-------+-------+-------++-------
Melee: Spear             |    91 |   177 |   291 |    61 |    41 ||   661
       Bite              |     3 |    20 |    27 |    41 |    20 ||   111
       Flail             |       |    16 |       |    92 |       ||   108
       Punch             |       |     1 |     3 |     7 |     1 ||    12
       Great sword       |       |       |       |    97 |   133 ||   230
       Scimitar          |       |       |       |       |    17 ||    17
 Fire: Shortbow          |       |       |       |    37 |     8 ||    45
Throw: Javelin           |     4 |       |       |       |       ||     4
 Cast: Infusion          |     8 |    20 |    20 |    28 |    14 ||    90
       Song of Slaying   |     3 |     2 |       |       |       ||     5
       Spectral Weapon   |     1 |     8 |    16 |    31 |    19 ||    75
       Summon Ice Beast  |       |       |       |     1 |     1 ||     2
       Regeneration      |       |       |       |     1 |     1 ||     2
Invok: Heroism           |       |       |     1 |     4 |     5 ||    10
       Finesse           |       |       |       |       |     1 ||     1
  Use: Scroll            |     1 |     5 |     2 |    14 |       ||    22
       Potion            |       |     2 |     2 |     2 |     4 ||    10
 Stab: Distracted        |       |     2 |     3 |     1 |       ||     6
       Sleeping          |       |       |     6 |     4 |       ||    10
       Paralysed         |       |       |     1 |       |       ||     1
       Confused          |       |       |       |     2 |       ||     2
  Eat: Chunk             |     1 |     9 |    12 |     9 |     4 ||    35
       Royal jelly       |       |       |       |     3 |     1 ||     4
       Fruit             |       |       |       |     2 |       ||     2
Armor: Ring mail         |     8 |    43 |    63 |    97 |    82 ||   293
       Leather armour    |     1 |       |       |       |       ||     1
Dodge: Dodged            |    34 |   111 |   119 |   191 |   170 ||   625
       Rpst.: Great sword |       |       |       |    25 |    29 ||    54
       Scimitar          |       |       |       |       |     3 ||     3

Table legend:
 A = Spawn XP
 B = Non-spawn XP
 C = Spawn XP percentage of total XP
 D = Spawn monster count
 E = Non-spawn monster count
 F = Spawn count percentage of total count
 G = Total turns spent on level
                    A         B        C        D         E        F      G
               +---------+---------+-------+---------+---------+-------+---------
         Total |       0 |   23325 |   0.0 |       0 |     307 |   0.0 | 14254
               +---------+---------+-------+---------+---------+-------+---------
           D:1 |       0 |      50 |   0.0 |       0 |      25 |   0.0 |   952
           D:2 |       0 |     123 |   0.0 |       0 |      25 |   0.0 |   783
           D:3 |       0 |     136 |   0.0 |       0 |      23 |   0.0 |  1298
           D:4 |       0 |     230 |   0.0 |       0 |       9 |   0.0 |   767
           D:5 |       0 |    1325 |   0.0 |       0 |      10 |   0.0 |  1108
           D:6 |       0 |    1720 |   0.0 |       0 |      19 |   0.0 |  1638
           D:7 |       0 |    2310 |   0.0 |       0 |      23 |   0.0 |  1516
           D:8 |       0 |    2187 |   0.0 |       0 |      15 |   0.0 |  1248
           D:9 |       0 |    1045 |   0.0 |       0 |      15 |   0.0 |   812
          D:10 |       0 |    4765 |   0.0 |       0 |      40 |   0.0 |  1714
          D:11 |       0 |    5897 |   0.0 |       0 |      46 |   0.0 |  1136
          D:12 |       0 |    2201 |   0.0 |       0 |       9 |   0.0 |   208
       Ossuary |       0 |     177 |   0.0 |       0 |      16 |   0.0 |   346
        Bailey |       0 |    1159 |   0.0 |       0 |      32 |   0.0 |   576
               +---------+---------+-------+---------+---------+-------+---------
